[Event "37th ECCC 2022"]
[Site "Mayrhofen"]
[Date "2022.10.03"]
[Round "1.1"]
[White "Hjartarson, Johann"]
[Black "Anand, Viswanathan"]
[Result "1/2-1/2"]
[ECO "A35"]
[WhiteElo "2468"]
[BlackElo "2756"]
[Annotator "TA"]
[PlyCount "60"]
[EventDate "2022.10.03"]
[EventType "team-tourn"]
[EventCountry "AUT"]
[SourceTitle "playchess.com"]
[Source "ChessBase"]
[SourceQuality "1"]
[TimeControl "40/5400+30:1800+30"]

1. c4 c5 2. Nf3 Nf6 3. Nc3 Nc6 4. e3 e6 5. d4 d5 6. a3 a6 7. dxc5 Bxc5 8. b4 Bd6 9. Bb2 O-O 10. Be2 {[%emt 0:01:14][%cal Rc4d5] D40: Queen's Gambit Declined: Semi-Tarrasch with 5 e3.} dxc4 11. Bxc4 b5 12. Be2 Bb7 13. O-O Qe7 14. Qb3 Rac8 15. Rfd1 Rfd8 {[%emt 0:07:04] [#]} 16. h3 $146 ({Predecessor:} 16. a4 Nxb4 17. axb5 axb5 18. Ba3 Nc2 19. Bxd6 Rxd6 20. Rac1 Rxd1+ 21. Nxd1 Qa3 22. Qb1 Be4 23. Nd4 Qa5 24. f3 Bg6 25. Qxb5 {½-½ (26) Verbesek,W-Grott,P GER email 2008}) 16... h6 17. a4 {[%emt 0:08:59] The position is equal.} bxa4 18. Rxa4 Bxb4 19. Rxd8+ Rxd8 20. Bxa6 Bxa6 21. Rxa6 Rc8 22. Ba3 Bxa3 23. Qxa3 Qd8 24. Qb2 Rb8 25. Qd2 Qxd2 26. Nxd2 Ne5 27. Ra2 Rc8 28. Nde4 Ned7 29. Nxf6+ Nxf6 30. Ne2 Nd5 {[%emt 0:00:13] An even fight not without its subleties.  Weighted Error Value: White=0.04 (flawless) /Black=0.03 (flawless)} 1/2-1/2

[Event "37th ECCC 2022"]
[Site "Mayrhofen"]
[Date "2022.10.03"]
[Round "1.2"]
[White "Deac, Bogdan-Daniel"]
[Black "Thorfinnsson, Bragi"]
[Result "1-0"]
[ECO "D00"]
[WhiteElo "2707"]
[BlackElo "2421"]
[Annotator "TA"]
[PlyCount "65"]
[EventDate "2022.10.03"]
[EventType "team-tourn"]
[EventCountry "AUT"]
[SourceTitle "playchess.com"]
[Source "ChessBase"]
[SourceQuality "1"]
[TimeControl "40/5400+30:1800+30"]

1. d4 d5 2. Bf4 Nf6 3. e3 c5 4. c3 Nc6 5. Nd2 cxd4 6. exd4 Bg4 7. Qb3 Qc8 8. Ngf3 e6 9. Bd3 Be7 10. O-O O-O 11. Rae1 Bh5 12. h4 $5 {[%emt 0:00:57][%mdl 4] [#] Exploring less charted territory. B13: Caro-Kann: Exchange Variation and Panov-Botvinnik Attack.} Bg6 $146 ({Predecessor:} 12... h6 13. Qc2 Qd8 14. g3 Rc8 15. Qb1 a6 16. Kg2 b5 17. b4 Bd6 18. Bxd6 Bxf3+ 19. Nxf3 Qxd6 {1-0 (50) Abdusattorov,N (2627)-Kovalenko,I (2643) Chess.com INT 2021}) 13. Bxg6 hxg6 14. g3 {[%emt 0:00:59] White has an edge.} Bd8 15. Ne5 a5 16. Qb5 a4 17. a3 Ra6 18. Qe2 Rb6 19. Nd3 {[%emt 0:05:07] White is more active.} Ne7 (19... Na5 $14 {was preferrable.}) 20. Nf3 Bc7 21. Nfe5 Bd6 22. Bg5 Ne4 23. Bxe7 Bxe7 24. h5 g5 25. Kg2 Re8 (25... Qc7 $16) 26. h6 g6 27. Rh1 {[%emt 0:01:07] [#] Hoping for Qf3.} ({Much less strong is} 27. Qf3 $6 Rf8 $14) 27... Rf8 28. h7+ Kg7 (28... Kh8 $16 {was necessary.} 29. f3 Nd6) 29. f3 $40 {[%emt 0:00:18][%mdl 128] White is out for blood. Dancing on a razor blade.} Nd6 {[%emt 0:01:45] [#]} 30. Nc5 $1 Rh8 31. Ned7 {[%emt 0:00:25] Pair of Knights!} Qd8 $2 (31... Nc4 32. Nxb6 Nxb6) 32. Nxb6 Qxb6 33. Qe5+ {[%emt 0:00:04] Weighted Error Value: White=0.08 (flawless) /Black=0.26 (precise)} 1-0

[Event "37th ECCC 2022"]
[Site "Mayrhofen"]
[Date "2022.10.03"]
[Round "1.3"]
[White "Thorfinnsson, Bjorn"]
[Black "Gukesh D"]
[Result "0-1"]
[ECO "A48"]
[WhiteElo "2365"]
[BlackElo "2732"]
[Annotator "TA"]
[PlyCount "98"]
[EventDate "2022.10.03"]
[EventType "team-tourn"]
[EventCountry "AUT"]
[SourceTitle "playchess.com"]
[Source "ChessBase"]
[SourceQuality "1"]
[TimeControl "40/5400+30:1800+30"]

1. d4 Nf6 2. Nf3 g6 3. Bg5 Bg7 4. e3 h6 5. Bh4 O-O 6. Bd3 {[%emt 0:00:54] A48: 1 d4 Nf6 2 Nf3 g6: Torre, London and Colle Systems.} d6 7. Nbd2 Qe8 8. c3 {[%emt 0:03:03] The position is equal.} e5 9. Qc2 Nc6 10. O-O Nh5 11. dxe5 dxe5 12. e4 Nf4 13. Bc4 Na5 $1 {[%emt 0:02:00] [#]} 14. Rfd1 $146 ({Predecessor:} 14. Bg3 b5 15. Bxf4 Nxc4 16. Bg3 Nb6 17. Rfe1 Kh7 18. c4 bxc4 19. Nxc4 f6 20. Nfd2 {0-1 (51) Gausel,E (2460)-Fedorowicz,J (2565) Stockholm 1990}) 14... Nxc4 15. Nxc4 Bg4 16. Ne3 Bxf3 17. gxf3 Qe6 18. Bg3 Qh3 19. Qd2 h5 {[%emt 0:16:13] Black is much more active.} (19... Rae8 $17 20. a3 h5 21. Bxf4 exf4) 20. Bxf4 $15 exf4 21. Ng2 Be5 22. Ne1 Rfe8 23. Qd7 Qh4 24. Rd3 Re7 25. Qa4 Bd6 ({Better is} 25... g5 $17) 26. Rd5 b6 27. Nd3 Rae8 28. Re1 (28. Qxa7 $2 c6 29. Qxb6 cxd5 30. Qxd6 dxe4 31. Qxf4 Qh3 $19) (28. Kg2 $1 $11) 28... Qh3 $1 $17 29. Qd1 Qe6 (29... Be5 $17) 30. Qb3 c6 31. Rd4 Qf6 32. a4 Re6 33. Qc4 Kg7 34. b4 (34. Qxc6 $2 Bc5 35. Qd7 Bxd4 36. Qxd4 Rd8 37. Qxf6+ Rxf6 $19) 34... R8e7 35. Rd1 Qg5+ 36. Kf1 Qh4 37. Kg2 {[%emt 0:05:27] Inhibits Qh3+.} g5 {[%emt 0:00:28][%cal Bg6g5,Bg5g4][%mdl 32] Hoping for ...g4.} (37... Be5 38. Nxe5 Rxe5 39. Rd8 $11) 38. Ne1 $2 {[%emt 0:04:55] Now White is beyond hope.} (38. Rg1 $17) 38... Be5 $19 39. Rd7 g4 $1 40. Rxe7 ({Don't blunder} 40. Kg1 $2 Rxd7 41. Rxd7 {[#]} g3 $1 42. fxg3 fxg3 $1 43. hxg3 Bxg3 $19) 40... Rxe7 {[%emt 0:00:24] Chess con chili.} ({Worse is} 40... Qxe7 41. Nd3 $17) 41. Rd3 (41. Kg1) 41... Re6 {[%emt 0:06:26][%cal Be7e6,Be6d6,Bd6d1,Bd1b1][%mdl 32] Threatens to win with ...Qh3+. Black is clearly winning.} ({Weaker is} 41... g3 42. fxg3 fxg3 43. h3 $11) 42. Rd7 {[%emt 0:00:00] Strongly threatening Qxe6.} Qh3+ 43. Kh1 g3 44. fxg3 fxg3 45. Rd2 Rd6 46. Rg2 Rd1 47. Qe2 Rb1 48. Qd2 (48. Rg1 $142 Bxc3 49. Nc2 Rxg1+ 50. Kxg1) 48... Kh7 49. f4 {[%emt 0:00:00] [#]} Bxf4 $1 {[%emt 0:00:35][%mdl 512] Weighted Error Value: White=0.37/Black=0.13 (very precise)} 0-1

[Event "37th ECCC 2022"]
[Site "Mayrhofen"]
[Date "2022.10.03"]
[Round "1.4"]
[White "Nisipeanu, Liviu-Dieter"]
[Black "Kjartansson, David"]
[Result "1-0"]
[ECO "D25"]
[WhiteElo "2615"]
[BlackElo "2316"]
[Annotator "TA"]
[PlyCount "75"]
[EventDate "2022.10.03"]
[EventType "team-tourn"]
[EventCountry "AUT"]
[SourceTitle "playchess.com"]
[Source "ChessBase"]
[SourceQuality "1"]
[TimeControl "40/5400+30:1800+30"]

1. d4 d5 2. c4 dxc4 3. Nf3 Nf6 4. e3 Bg4 5. Bxc4 e6 6. Nc3 Bd6 {[%emt 0:15:28] D25: Queen's Gambit Accepted: 4 e3: sidelines and 4...Bg4.} 7. h3 $5 {[%emt 0:05:26][%mdl 4] A promising side line.} Bh5 8. e4 {[%emt 0:04:40] [#]} Bxf3 $146 ({Black should play} 8... Bb4 $14) ({Predecessor:} 8... Nfd7 9. O-O e5 10. g4 Bg6 11. Bg5 f6 12. Be3 h5 13. Nh4 Bh7 14. g5 g6 15. Nf5 Bg8 16. Nxd6+ cxd6 17. Bxg8 Rxg8 18. Qb3 Rh8 19. Qxb7 fxg5 20. Nd5 g4 21. Nc7+ Kf7 22. Qd5+ {1-0 (22) Savon,V (2448)-Smirnov,A (2288) Tula 2001}) 9. gxf3 {[%emt 0:07:09] And now e5 would win.} Be7 10. Rg1 g6 11. f4 {[%emt 0:06:43] White is more active.} ({White should try} 11. Bh6 $16) 11... Nc6 $11 12. Be3 Qd7 13. a3 Rd8 14. e5 Nd5 {[%emt 0:04:40] [#]} 15. Nxd5 exd5 16. Be2 {[%emt 0:01:05] Hoping for Bg4.} f5 {[%emt 0:02:58] Against Bg4} 17. Qb3 O-O (17... Rb8 $14) 18. Rc1 $16 (18. Qxb7 Rb8 19. Qa6 Rb6 $15) 18... Rb8 19. h4 Kh8 20. h5 g5 {[%emt 0:04:06] Black cannot hold the game after this.} (20... gxh5 $16 21. Bf3 (21. Bxh5 Na5 $16) 21... Rfd8) 21. fxg5 $18 {[%emt 0:02:49] Black must now prevent g6.} f4 {[%emt 0:00:51] [#]} 22. g6 $1 {[%emt 0:05:46] g7+ is the strong threat.} (22. Bg4 fxe3 23. Bxd7 exf2+ 24. Kf1 (24. Kd2 Nxd4 25. Qe3 Nf3+ 26. Ke2 fxg1=B $14) 24... fxg1=N+ 25. Kxg1 Nxd4 $16) 22... hxg6 23. Rxg6 (23. hxg6 Kg7 $16) 23... Qh3 24. Rh6+ ({Worse is} 24. Qxd5 fxe3 25. Rh6+ Kg7 26. Rg6+ Kh8 27. Rh6+ Kg7 28. Rg6+ Kh8 $11) (24. Qd3 $142 {Intending Rh6+ and mate.} Qf5 25. Bd2) 24... Kg7 {[%emt 0:01:15] [#]} 25. Qd3 Qh1+ 26. Bf1 {[%emt 0:00:23][%csl Gh5,Gh6][%cal Rd3g6] Chess con chili.} Qe4 27. Rg6+ $40 {[%emt 0:00:12][%mdl 128] White is out for blood.} Kh8 28. Qxe4 dxe4 29. Bd2 {[%emt 0:00:02] Strongly threatening Bg2.} Nxd4 $2 (29... Rbd8 {was called for.} 30. Rcxc6 bxc6) 30. Rxc7 Nf3+ 31. Ke2 ({Not} 31. Kd1 Nxd2 32. Kxd2 Rf7 $18) 31... Rbd8 32. Bc3 Nd4+ (32... Rd3 $142 33. e6+ (33. Rxe7 Rfd8 $11) 33... Rxc3 34. bxc3 Rd8) 33. Bxd4 Rxd4 34. Rxe7 {[%emt 0:01:13] White mates.} Rc8 35. Bh3 Rc2+ 36. Kf1 Rd1+ 37. Kg2 f3+ 38. Kg3 {[%emt 0:00:14] Weighted Error Value: White=0.11 (very precise) /Black=0.48} 1-0

[Event "37th ECCC 2022"]
[Site "Mayrhofen"]
[Date "2022.10.03"]
[Round "1.5"]
[White "Thorarinsson, Pall A."]
[Black "Sargissian, Gabriel"]
[Result "0-1"]
[ECO "E12"]
[WhiteElo "2168"]
[BlackElo "2711"]
[Annotator "TA"]
[PlyCount "68"]
[EventDate "2022.10.03"]
[EventType "team-tourn"]
[EventCountry "AUT"]
[SourceTitle "playchess.com"]
[Source "ChessBase"]
[SourceQuality "1"]
[TimeControl "40/5400+30:1800+30"]

1. d4 Nf6 2. c4 e6 3. Nf3 b6 4. a3 Bb7 5. Nc3 Ne4 6. Nxe4 Bxe4 7. Nd2 Bb7 8. e4 g6 $1 {[%emt 0:00:56][%mdl 4] is now more promising than 8...Qf6.} 9. Bd3 Bg7 10. Nf3 {[%emt 0:00:37] E12: Queen's Indian: Unusual White 4th moves, 4 a3, 4 Nc3 Bb7 5 a3 and 4 Nc3 Bb7 .} d6 11. O-O {[%emt 0:06:52] was the old line (11.Bg5).} Nd7 {[%emt 0:00:50] [#]} 12. b4 $146 {[%emt 0:06:25] White has an edge.} ({Predecessor:} 12. Bg5 Bf6 13. Be3 O-O 14. Rc1 c5 15. b4 a5 16. bxc5 bxc5 17. d5 exd5 18. exd5 {½-½ (31) Xu,M (2408)-Liu,Y (2530) Fuling 2022}) 12... c5 13. Be3 O-O 14. Ra2 Qc7 15. d5 Rfe8 16. Re2 cxb4 (16... Rab8 {with more complications.} 17. b5 a6 18. a4 axb5 19. axb5 Ra8) 17. axb4 a5 18. bxa5 Rxa5 19. dxe6 fxe6 20. Bd4 Nc5 21. Bxg7 (21. Rb2 {is more complex.} d5 22. exd5 Nxd3 23. Qxd3 exd5 24. Bxb6 Qxc4 25. Qb1) 21... Kxg7 22. Bc2 (22. Nd4 $11) 22... e5 $1 $15 23. Rfe1 Bc8 ({Black should play} 23... Rea8 $15) 24. Nd2 (24. Rd2 $11) 24... Bg4 {[%emt 0:01:55] Black has more active pieces.} 25. f3 Be6 26. Re3 Rea8 27. h3 (27. Kh1 $15) 27... Bf7 $17 28. Nb3 Ra3 29. Kh2 Bxc4 30. Nxc5 Qxc5 ({Stronger than} 30... bxc5 31. Rxa3 Rxa3 32. Qb1) 31. Rxa3 Rxa3 ({Weaker is} 31... Qxa3 32. Qd2 $17) 32. Bb1 b5 33. Qd2 Qd4 34. Qg5 {[%emt 0:00:46] [#]} (34. Rd1 {was the only defense.}) 34... Rxf3 $3 {[%emt 0:02:09][%mdl 512] Weighted Error Value: White=0.31/Black=0.08 (flawless)} 0-1

[Event "37th ECCC 2022"]
[Site "Mayrhofen"]
[Date "2022.10.03"]
[Round "1.6"]
[White "Gavrilescu, David"]
[Black "Petursson, Gudni"]
[Result "1-0"]
[ECO "C43"]
[WhiteElo "2523"]
[BlackElo "2037"]
[Annotator "TA"]
[PlyCount "81"]
[EventDate "2022.10.03"]
[EventType "team-tourn"]
[EventCountry "AUT"]
[SourceTitle "playchess.com"]
[Source "ChessBase"]
[SourceQuality "1"]
[TimeControl "40/5400+30:1800+30"]

1. e4 e5 2. Nf3 Nf6 3. d4 Nxe4 4. Bd3 d5 5. Nxe5 Nd7 6. Nc3 Nxc3 7. bxc3 Nxe5 8. dxe5 Bc5 {[%emt 0:08:42] C43: Petroff Defence: 3 d4.} 9. O-O O-O {[%emt 0:04:19] The main line 9...0-0 scores better than 9...Be6.} 10. Qh5 g6 $1 {[%emt 0:02:06] The position is equal.} 11. Qh6 Re8 12. Bg5 Be7 13. Bxe7 Qxe7 14. f4 Qf8 15. Qh4 Qe7 16. Qg3 Bd7 17. Rae1 {[%emt 0:05:55] [#]} f5 $146 {[%emt 0:09:15] [#]} ({Predecessor:} 17... Kh8 18. h3 f5 19. exf6 Qxf6 20. Rxe8+ Rxe8 21. f5 Bxf5 22. Qxc7 {½-½ (42) Asadli,V (2572)-Mamedov,N (2609) Nakhchivan 2021}) 18. Re3 (18. exf6 $1 $16 Qxf6 19. Rb1) 18... Be6 $11 19. h4 Rad8 20. h5 Kf7 21. Qf2 Rg8 22. Rg3 b6 23. Rg5 Qc5 24. g4 Qxf2+ $2 (24... Qxc3 $2 25. hxg6+ hxg6 26. Qh4 $18 (26. gxf5 gxf5 27. Kg2 Qb4 $15)) (24... Rdf8 $11 {and Black is okay.}) 25. Kxf2 $18 fxg4 (25... c5 $142 26. Rh1 (26. gxf5 gxf5 27. Rfg1 Rxg5 $14) 26... Rg7 27. hxg6+ (27. gxf5 gxf5 28. Rxg7+ Kxg7 $14) 27... hxg6) 26. hxg6+ hxg6 27. Rh1 Rg7 {[%emt 0:06:21] [#] Prevents Rh7.} (27... g3+ $142 28. Rxg3 Rd7) 28. Bxg6+ $1 Ke7 {[%emt 0:00:31] [#]} 29. Rh7 $1 Rdg8 30. Rgh5 g3+ 31. Kg2 Rxh7 32. Rxh7+ {[%emt 0:03:06][%mdl 4096] Endgame KRB-KRB} ({Less strong is} 32. Bxh7 Rg4 $16) 32... Kd8 33. Bf7 ({White should play} 33. f5 $18) 33... Bxf7 $11 34. Rxf7 {[%emt 0:00:02] And now e6 would win. KR-KR} Rg4 35. e6 c5 $2 (35... Ke8 $11) 36. f5 {[%emt 0:00:28][%cal Bf4f5,Bf5f6][%mdl 32] Strongly threatening f6.} Re4 37. Kxg3 Re3+ 38. Kf4 Rxc3 39. f6 Rxc2 40. Rf8+ Kc7 41. e7 {[%emt 0:30:03] Weighted Error Value: White=0.25 (precise) /Black=0.40} 1-0

[Event "37th ECCC 2022"]
[Site "Mayrhofen"]
[Date "2022.10.03"]
[Round "1.7"]
[White "Harikrishna, Pentala"]
[Black "Zwirs, Nico"]
[Result "1-0"]
[ECO "D35"]
[WhiteElo "2717"]
[BlackElo "2481"]
[Annotator "TA"]
[PlyCount "89"]
[EventDate "2022.10.03"]
[EventType "team-tourn"]
[EventCountry "AUT"]
[SourceTitle "playchess.com"]
[Source "ChessBase"]
[SourceQuality "1"]
[TimeControl "40/5400+30:1800+30"]

1. c4 e6 2. Nc3 d5 3. d4 Nf6 4. cxd5 exd5 5. Bg5 c6 6. e3 h6 7. Bh4 Be7 8. Bd3 O-O 9. Nge2 $1 {[%emt 0:04:18][%mdl 4] is recently more successful than 9.Qc2.} Nbd7 10. O-O Re8 {[%emt 0:00:32] 10...Ne4 is not played anymore. D35: Queen's Gambit Declined: Exchange Variation.} 11. a4 a5 12. f3 Nf8 {[%emt 0:14:05] The position is equal.} 13. Kh1 {[%emt 0:06:04] [#]} Ne6 $146 ({Predecessor:} 13... Qb6 14. Qd2 Be6 15. Bf2 Rad8 16. Rad1 Bb4 17. Qc1 Qc7 18. Bg3 Qe7 19. h3 b6 {0-1 (50) Santos Latasa,J (2680)-Korobov,A (2671) Bydgoszcz 2022}) 14. Rc1 b6 15. Bf2 c5 16. Ng3 cxd4 17. exd4 Bf8 18. Qd2 Bd6 19. Be3 {[%emt 0:02:51] Prevents Bf4.} Bxg3 20. hxg3 Qd6 21. g4 Bd7 22. Nb5 Qe7 23. Rfe1 Rac8 24. Bf2 Rxc1 25. Rxc1 Rc8 26. Re1 Ne8 27. Re5 N8c7 (27... Qb4 $11 28. Qxb4 axb4) 28. Nxc7 $1 $14 {[%emt 0:02:05] White has more active pieces.} Rxc7 29. Rxd5 Bxa4 30. Re5 Qd6 {[%emt 0:02:29] [#]} 31. Qe3 (31. Bg3 $1 $16) 31... Bc2 32. Bb5 {[%emt 0:02:48] Bg3 is the strong threat.} Rc8 (32... Qb4 $2 33. d5 Qxb5 34. dxe6 Qf1+ 35. Kh2 fxe6 36. Qxb6 $18) 33. Bg3 {[%emt 0:05:33][%cal Oe5c5] A strong pair of Bishops.} Qb4 {[%emt 0:00:41] Against Rc5} (33... Nxd4 $14 34. Bc4 Bg6) 34. d5 Nf8 {[%emt 0:00:15][%mdl 8192] [#] This move loses the game for Black.} (34... Qxb5 $16 35. dxe6 Qb4) 35. Re8 $1 $18 Rxe8 36. Qxe8 {[%emt 0:00:37] And now d6 would win.} Bb3 (36... Kh7 $142 37. Bc6 Bg6) 37. d6 {[%emt 0:01:06] aiming for d7.} Be6 38. d7 Bxd7 39. Bxd7 Qb3 40. Kh2 {[%emt 0:00:57] White wants to mate with Bd6.} Qd5 {[%emt 0:00:23] Inhibits Bd6.} 41. Bc6 Qc5 42. Be4 {[%emt 0:00:00] Hoping for Bf4.} h5 43. Qd8 {[%emt 0:00:00] White mates.} hxg4 44. Bd6 g3+ 45. Kxg3 {[%emt 0:00:00] Weighted Error Value: White=0.09 (flawless) /Black=0.48} 1-0

[Event "37th ECCC 2022"]
[Site "Mayrhofen"]
[Date "2022.10.03"]
[Round "1.8"]
[White "Van Delft, Merijn"]
[Black "Vidit, Santosh Gujrathi"]
[Result "0-1"]
[ECO "B46"]
[WhiteElo "2363"]
[BlackElo "2710"]
[Annotator "TA"]
[PlyCount "74"]
[EventDate "2022.10.03"]
[EventType "team-tourn"]
[EventCountry "AUT"]
[SourceTitle "playchess.com"]
[Source "ChessBase"]
[SourceQuality "1"]
[TimeControl "40/5400+30:1800+30"]

1. e4 c5 2. Nf3 e6 3. d4 cxd4 4. Nxd4 Nc6 5. Nc3 a6 6. Nxc6 bxc6 7. Bd3 d5 8. O-O Nf6 9. Qf3 {[%emt 0:01:25] B46: Sicilian: Taimanov: 5 Nc3 a6.} Be7 {[%emt 0:01:48] 9...Bb7 is the hot move.} 10. Qg3 Nh5 11. Qf3 {[%emt 0:01:25] White is slightly better.} Nf6 12. Qg3 O-O (12... Nh5 $5 13. Qf3 Nf6 $14) 13. Bh6 Ne8 {[%emt 0:00:08] And now ...Bh4 would win.} 14. Bf4 f6 15. Rad1 {[%emt 0:04:15] [#]} Kh8 $146 ({Predecessor:} 15... e5 16. Bc1 d4 17. f4 exf4 18. Bxf4 Be6 19. Ne2 c5 20. b3 a5 21. e5 Qd7 22. Qf3 Ra7 23. Qh5 f5 24. Bg5 g6 25. Qh4 Bxg5 26. Qxg5 Ng7 {½-½ (24) Mikalsen,E (2397)-Alekseev,E (2649) Fagernes 2019}) 16. Bc1 Nd6 17. Kh1 Nf7 18. Rfe1 d4 19. Ne2 e5 20. c3 c5 21. b4 dxc3 22. Bxa6 Nd6 23. Bxc8 c2 24. Rxd6 Qxd6 25. Bb7 Qd1 26. f3 (26. f4 $1 $11 Rad8 27. Bd5 (27. fxe5 $2 fxe5 28. Ng1 Rf1 $19)) 26... cxb4 $17 {[%emt 0:02:08] Black is more active.} 27. Bd5 {[%emt 0:01:56] [#] White does not recover from this.} (27. Bxa8 $17 Rxa8 28. f4) 27... Rfd8 $1 $19 {[%emt 0:02:33][%cal Ob4b3] White must now prevent ...b3!} 28. Bb3 ({And not} 28. Bxa8 Rxa8 29. f4 b3 30. axb3 Bb4 $15) 28... Bc5 {[%emt 0:04:03][%cal Oa8a2] ...Rxa2! is the strong threat.} 29. h4 {[%emt 0:01:24] [#]} Qxe1+ {[%emt 0:01:32][%mdl 576] Remove Defender} 30. Qxe1 Rd1 $1 {[%emt 0:00:02][%mdl 64] Deflection. Really sharp!} 31. Qxd1 cxd1=Q+ 32. Bxd1 {[%emt 0:00:05] Hoping for Bb3.} Rxa2 33. h5 b3 {[%emt 0:01:37][%mdl 64] Strongly threatening ...b2. Deflection} 34. Bxb3 (34. Kh2) 34... Rxe2 {[%emt 0:00:08] Black is clearly winning.} 35. Kh2 Bb4 36. Bf7 Re1 37. Bb2 Rb1 {[%emt 0:00:06] Weighted Error Value: White=0.28 (precise) /Black=0.05 (flawless)} 0-1

[Event "37th ECCC 2022"]
[Site "Mayrhofen"]
[Date "2022.10.03"]
[Round "1.9"]
[White "Navara, David"]
[Black "Lammens, Tim"]
[Result "1-0"]
[ECO "B30"]
[WhiteElo "2676"]
[BlackElo "2223"]
[Annotator "TA"]
[PlyCount "69"]
[EventDate "2022.10.03"]
[EventType "team-tourn"]
[EventCountry "AUT"]
[SourceTitle "playchess.com"]
[Source "ChessBase"]
[SourceQuality "1"]
[TimeControl "40/5400+30:1800+30"]

1. e4 c5 2. Nf3 Nc6 3. Bb5 e6 4. O-O Nge7 5. Re1 a6 6. Bf1 d5 7. d3 d4 {B30: Sicilian: 2...Nc6 3 Bb5, lines without ...g6.} 8. e5 Ng6 {[%emt 0:01:27] 8...Ng6 has become a bit dusty these days.} 9. g3 Qc7 {[%emt 0:01:25][%cal Rg6e5] [#] The position is equal.} 10. Bg2 $146 ({Predecessor:} 10. Qe2 h5 11. h4 Be7 12. c3 dxc3 13. bxc3 b6 14. Na3 Bb7 15. Nc2 Rd8 16. Bg2 {1-0 (92) Balogh,C (2656)-Gonzalez Zamora,J (2538) Cuernavaca 2014}) 10... Ngxe5 11. Nxe5 Nxe5 12. Bf4 Bd6 13. Qh5 Ng6 14. Bxd6 Qxd6 15. Nd2 O-O 16. Ne4 Qc7 17. Qxc5 Qxc5 18. Nxc5 Rb8 19. a4 b6 20. Nb3 Rd8 21. f4 Ne7 22. a5 Bb7 23. Bxb7 Rxb7 24. axb6 Rxb6 25. Re5 g6 26. Rc5 Nf5 27. Ra2 Rdb8 28. Kf2 h5 29. Kf3 Kg7 {[%emt 0:03:12] [#]} (29... R8b7 $14) 30. Rc7 $1 $16 Kf6 {[%emt 0:09:18] [#]} (30... Kf8 $16) 31. Nc5 $1 $18 {[%emt 0:01:34] Hoping for Nd7+.} Rxb2 32. Rxa6 {[%emt 0:00:13] Nd7+ is the strong threat.} Re8 33. Raa7 Nd6 (33... Nh6 $18 34. Ne4+ Kg7) 34. Ne4+ Nxe4 35. Rxf7# {[%emt 0:00:06] Weighted Error Value: White=0.04 (flawless) /Black=0.36} ({Not} 35. Kxe4 Rf8 $16) 1-0

[Event "37th ECCC 2022"]
[Site "Mayrhofen"]
[Date "2022.10.03"]
[Round "1.10"]
[White "Meurs, Tom"]
[Black "Nguyen, Thai Dai Van"]
[Result "1/2-1/2"]
[ECO "B12"]
[WhiteElo "2250"]
[BlackElo "2634"]
[Annotator "TA"]
[PlyCount "150"]
[EventDate "2022.10.03"]
[EventType "team-tourn"]
[EventCountry "AUT"]
[SourceTitle "playchess.com"]
[Source "ChessBase"]
[SourceQuality "1"]
[TimeControl "40/5400+30:1800+30"]

1. e4 c6 2. d4 d5 3. e5 Bf5 4. h4 h5 5. Bd3 Bxd3 6. Qxd3 {[%emt 0:00:06][%cal Oe5e6] B12: Caro-Kann: Advance Variation.} Qa5+ 7. Nd2 {[%emt 0:00:11][%cal Oe5e6] aiming for e6!} e6 $1 8. Ngf3 Nh6 9. O-O Nf5 10. Nb3 Qa6 11. Qd1 b6 12. Bg5 c5 13. dxc5 bxc5 (13... Bxc5 {keeps more tension.} 14. c3 Nc6 15. a4 O-O) 14. Nbd2 {[%emt 0:00:29] [#]} Nc6 $146 ({Predecessor:} 14... Nd7 15. c4 d4 16. Qe2 f6 17. Bf4 Kf7 18. Ne4 Be7 19. g3 Nf8 20. exf6 gxf6 {½-½ (30) Georgescu,L (2279)-Machlik,M (2111) Chennai 2022}) 15. c4 {[%emt 0:03:04] Threatening cxd5.} Be7 (15... d4 $11) 16. cxd5 $16 exd5 17. Nb3 c4 (17... O-O $16 {was called for.}) 18. Qxd5 $18 cxb3 (18... O-O $142) 19. e6 fxe6 (19... f6) 20. Qxe6 Qc8 21. Qg6+ Kf8 22. Rac1 Bd6 {[%emt 0:00:44] [#]} 23. Rxc6 $1 {[%emt 0:01:42][%mdl 576] Deflection} Qxc6 (23... Qd7 24. Rxd6) 24. Qxf5+ Kg8 25. Qe6+ Kh7 26. Bf4 {[%emt 0:00:15][%cal Rf3g5][%mdl 64] Pin} ({Not} 26. Ne5 Qe4 27. Qxd6 bxa2 $18) 26... Rhf8 27. Ng5+ Kh8 28. Bxd6 Rf6 {[%emt 0:00:59] Against Qg6} 29. Qe4 Qxe4 30. Nxe4 Re6 31. Ng5 Re2 32. axb3 Rae8 33. Ra1 Re1+ 34. Rxe1 Rxe1+ 35. Kh2 Re2 {[%emt 0:00:27] [#]} 36. Be5 Rxf2 37. Bd4 Re2 38. Kg3 a6 (38... Re7 {was worth a try.} 39. Kf4 Kg8) 39. Kf3 Rd2 40. Bc3 Rd3+ 41. Kf4 Kg8 42. Nf3 Rd5 43. Ke4 Rd6 44. Kf5 {[%emt 0:00:00] Prevents Re6.} g6+ 45. Ke5 Rd1 46. Kf6 Rd6+ 47. Ke7 Rd3 48. b4 Rd1 49. Bd4 Rc1 50. Kd6 Rc2 51. g3 Rc4 52. Bc3 Rg4 53. b5 axb5 54. Be5 {[%emt 0:00:10] Black must now prevent Bf4.} Rc4 55. b3 Rc1 56. Nd4 Rc3 57. Nxb5 (57. Ke6 $18 {is more deadly.}) 57... Rxb3 $16 58. Nd4 Rb6+ {[%emt 0:00:00] [#]} 59. Ke7 $1 Rb7+ 60. Kf6 Rb6+ 61. Ne6 Ra6 62. Bf4 Rb6 63. Bc7 (63. Kxg6 $6 Rxe6+ 64. Kxh5 Kg7 $14) 63... Ra6 64. Bf4 ({Resist} 64. Kxg6 $6 Rxe6+ 65. Kxh5 Kg7 $14) 64... Rb6 $1 65. Kxg6 (65. Ke7 $16) 65... Rxe6+ $11 {[%emt 0:00:00] The position is equal.} 66. Kxh5 $16 {[%emt 0:00:05][%mdl 4096] Endgame KR-KB} Kh7 67. Kg5 Rg6+ 68. Kf5 Rg8 69. Be5 Rf8+ 70. Bf6 Rb8 71. g4 Rb1 72. h5 Rb5+ 73. Ke6 Rxh5 74. gxh5 {[%emt 0:00:14] Threatening mate with Bg5.} Kh6 {[%emt 0:00:02] Prevents Bg5+.} 75. Bg5+ Kxh5 {[%emt 0:00:03] Black defended with fortune.  Weighted Error Value: White=0.22 (precise) /Black=0.49} 1/2-1/2